Cogmind - Beta 12 @@@ ROGUE MODE // 2023.07.10 @ 14:32:03 Player: Senator Honkstrong Result: Destroyed by G-34 Mercenary with Small Laser Performance ------------- Evolutions (0) 0 Regions Visited (2) 400 Robots Destroyed (28) 140 Value Destroyed (709) 709 Prototype IDs (2) 40 Alien Tech Used (0) 0 Bonus (0) 0 TOTAL SCORE: 1289 Bonus ------- None Cogmind --------- Core Integrity 0/250 Matter 205/300 Energy 124/125 System Corruption 0% Temperature Cool (21) Movement Treading (160) Location -10/Mines Parts ------- > --- POWER (1) -------- Light Ion Engine > --- PROPULSION (2) --- Light Treads > --- UTILITY (2) ------ Medium Storage Unit > --- WEAPON (2) ------- Medium Laser Light Assault Rifle > --- INVENTORY (10) --- Experimental Sensor Array Splice Drone Bay Light Assault Rifle Rocket Launcher Datajack Peak State ------------ > --- POWER ------------ Ion Engine > --- PROPULSION ------- Light Treads Light Treads > --- UTILITY ---------- Medium Storage Unit Weapon Shielding > --- WEAPON ----------- Particle Gun Light Assault Rifle > --- INVENTORY -------- Light Ion Engine Light Treads Experimental Sensor Array Splice Drone Bay Medium Laser Light Assault Rifle Light Assault Rifle Light Assault Rifle Rocket Launcher Datajack [Rating: 10] Favorites ----------- Power Ion Engine Engine Ion Engine Propulsion Light Treads Treads Light Treads Utility Medium Storage Unit Storage Medium Storage Unit Protection Weapon Shielding Weapon Light Assault Rifle Energy Gun Particle Gun Ballistic Gun Light Assault Rifle Launcher Rocket Launcher Build | -11 -10 -10 ------- Run | Jun Mat Min Slots Evolved . | . . . Power . | . . . Propulsion . | . . . Utility . | . . . Weapon . | . . . Parts Attached 16 | 6 2 8 Power 2 | 1 . 1 Engine 2 | 1 . 1 Core . | . . . Reactor . | . . . Propulsion 3 | 2 . 1 Treads 3 | 2 . 1 Leg . | . . . Wheel . | . . . Hover . | . . . Flight . | . . . Utility 3 | 1 2 . Device . | . . . Storage 2 | 1 1 . Processor . | . . . Hackware . | . . . Protection 1 | . 1 . Artifact . | . . . Weapon 8 | 2 . 6 Energy Gun 3 | 1 . 2 Energy Cannon . | . . . Ballistic Gun 4 | 1 . 3 Ballistic Cannon . | . . . Launcher 1 | . . 1 Special Weapon . | . . . Impact Weapon . | . . . Slashing Weapon . | . . . Piercing Weapon . | . . . Special Melee Weapon . | . . . Unidentified Prototypes . | . . . Parts Lost 7 | . . 7 Power 1 | . . 1 Propulsion 2 | . . 2 Utility 1 | . . 1 Weapon 3 | . . 3 Highest Loss Streak 3 | . . 3 To Critical Strikes . | . . . Average Slot Usage (%) 96 | . 97 95 Engine 13 | . 14 13 Treads 26 | . 28 25 Storage 14 | . 14 14 Protection 11 | . 12 11 Energy Gun 12 | . 14 11 Ballistic Gun 15 | . 14 15 Naked Turns . | . . . Heaviest Build 21 | 13 19 21 Greatest Support 40 | 40 40 40 Greatest Overweight (x) . | . . . Average Overweight (x) . | . . . Largest Inventory Capacity 10 | 8 10 10 Average Capacity 9 | 7 9 10 Most Carried 10 | 2 10 10 Average Carried 8 | 1 9 9 Final Capacity 10 | 8 10 10 Final Carried 10 | 2 10 5 Class Distribution -------------------- 100% | Mutant Dominant Class ---------------- Mutant | -10/Materials Mutant | -10/Mines Resources | -11 -10 -10 ----------- Run | Jun Mat Min Matter Collected 432 | 267 60 105 Remotely . | . . . Salvage Created 1048 | 85 260 703 Parts 58 | 3 22 33 Haulers Intercepted 2 | . 2 . Recyclers Shooed 2 | . 1 1 Parts Field Recycled . | . . . Retrieved Matter . | . . . Parts Self-Destructed . | . . . Prevented . | . . . Kills | -11 -10 -10 ------- Run | Jun Mat Min Combat Hostiles Destroyed 24 | . 5 19 Guns 23 | . 5 18 AOE 1 | . . 1 Classes Destroyed 8 | 2 4 2 Builder 1 | . . 1 Tunneler 1 | 1 . . Hauler 2 | . 2 . Recycler 1 | 1 . . Watcher 2 | . 2 . Swarmer 3 | . 3 . Grunt 18 | . 2 16 Assembled 3 | . . 3 Best Kill Streak 4 | 2 3 4 Combat Bots Only 4 | . 3 4 Max Kills in Single Turn 2 | 1 2 1 Gunslinging 1 | . 1 . Exploded 1 | . . 1 Melee . | . . . Uniques/NPCs Destroyed . | . . . Combat | -11 -10 -10 -------- Run | Jun Mat Min Damage Taken 1124 | . 164 960 Core 251 | . 34 217 Absorbed by Shields . | . . . Redirected to Shielding 50 | . 3 47 Core Remaining (%) 100 | 100 . . Volleys Fired 131 | 7 40 84 Largest 2 | 2 2 2 Hottest 85 | 70 70 85 Shots Fired 259 | 14 80 165 Gun 257 | 14 80 163 Cannon . | . . . Launcher 2 | . . 2 Special . | . . . Kinetic 175 | 7 40 128 Thermal 82 | 7 40 35 Explosive 2 | . . 2 Electromagnetic . | . . . Robot Hit Streak 12 | 5 9 12 Robot Miss Streak 5 | 2 5 2 Penetration Max . | . . . Secondary Targets 4 | . 1 3 Max Gunslinging Chain 1 | . 1 1 Shots Hit Robots 170 | 7 47 116 Core Hits 62 | 4 14 44 Critical Kills . | . . . Critical Parts Destroyed 2 | . 1 1 Critical Strikes 8 | . 5 3 Burn 6 | . 4 2 Destroy 2 | . 1 1 Melee Attacks . | . . . Impact . | . . . Slashing . | . . . Piercing . | . . . Sneak Attacks . | . . . Combat Hostiles . | . . . Follow-up Attacks . | . . . Damage Inflicted 1826 | 71 513 1242 Guns 1721 | 71 513 1137 Cannons . | . . . Explosions 99 | . . 99 Melee . | . . . Ramming 6 | . . 6 Kinetic 997 | 22 218 757 Thermal 724 | 49 295 380 Explosive 99 | . . 99 Electromagnetic . | . . . Impact . | . . . Slashing . | . . . Piercing . | . . . Highest Corruption . | . . . Average Corruption . | . . . Corruption Purged . | . . . Corruption Blocked . | . . . Overload Shots . | . . . Overflow Damage . | . . . Projectiles . | . . . Explosions . | . . . Melee . | . . . Knockbacks . | . . . Impact . | . . . Kinetic . | . . . Secondary . | . . . Self-Inflicted Damage 25 | . . 25 Shots 1 | . . 1 Rammed 3 | . . 3 Targets Rammed 3 | . . 3 Kicked . | . . . Crushed . | . . . Highest Temperature 220 | 100 192 220 Average Temperature 59 | 49 52 65 Received Heat Transfer 509 | . 42 467 Siege Activations . | . . . Robots Corrupted . | . . . Combat Hostiles . | . . . Parts Fried . | . . . Impact Corruptions . | . . . Robots Melted . | . . . Combat Hostiles . | . . . Parts Melted 4 | . 3 1 Heat Transferred 2405 | 148 1147 1110 Parts Sabotaged . | . . . Parts Stolen . | . . . Parts Stripped . | . . . Power Chain Reactions . | . . . Missiles Intercepted . | . . . Alert | -11 -10 -10 ------- Run | Jun Mat Min Peak Influence 188 | 10 188 165 Initial 6 | . 6 1 Average 41 | 3 55 38 Maximum Alert Level . | . . . Low Security (%) 100 | 100 100 100 Level 1 . | . . . Level 2 . | . . . Level 3 . | . . . Level 4 . | . . . Level 5 . | . . . High Security . | . . . Max Security . | . . . Squads Dispatched 1 | . 1 . Investigation 1 | . 1 . Extermination . | . . . Reinforcement . | . . . Assault . | . . . Garrison . | . . . Intercept . | . . . Searches Triggered . | . . . Construction Impeded . | . . . Haulers Reinforced . | . . . Active Scanning Responses . | . . . Cargo Convoy Interrupts . | . . . Stealth | -11 -10 -10 --------- Run | Jun Mat Min Distress Signals 1 | . 1 . Communications Jammed . | . . . Distress Signals . | . . . Times Spotted 30 | . 9 21 Peak Tracking Total 4 | . 4 3 Tactical Retreats 3 | . 1 2 Traps | -11 -10 -10 ------- Run | Jun Mat Min Traps Triggered 2 | . 2 . Indirectly . | . . . Trap Hack Attempts . | . . . Triggered . | . . . Disarmed . | . . . Reprogrammed . | . . . Reused . | . . . Traps Extracted . | . . . Installed . | . . . Triggered . | . . . Machines | -11 -10 -10 ---------- Run | Jun Mat Min Machines Disabled . | . . . Max in Single Turn . | . . . Machines Repaired . | . . . Machines Sabotaged . | . . . Overloaded Fab Kills . | . . . Hacking | -11 -10 -10 --------- Run | Jun Mat Min Machines Accessed 7 | . 6 1 Terminals 6 | . 6 . Fabricators . | . . . Repair Stations . | . . . Recycling Units . | . . . Scanalyzers . | . . . Garrison Access . | . . . Total Hacks 18 | . 17 1 Successful 12 | . 11 1 Failed 5 | . 5 . Catastrophic 1 | . 1 . Database Lockouts 1 | . 1 . Manual 10 | . 10 . Terminals 17 | . 17 . Fabricators . | . . . Repair Stations . | . . . Recycling Units . | . . . Scanalyzers . | . . . Garrison Access . | . . . Terminal Hacks 9 | . 8 1 Record 2 | . 2 . Robot Analysis 2 | . 2 . Prototype ID Bank 1 | . 1 . Open Door 1 | . . 1 Unreport Threat 1 | . 1 . Locate Traps 1 | . 1 . Zone Layout 1 | . 1 . Fabricator Hacks . | . . . Repair Station Hacks . | . . . Recycling Unit Hacks . | . . . Scanalyzer . | . . . Garrison Access Hacks . | . . . Unauthorized Hacks 3 | . 3 . Terminals 3 | . 3 . Botnet 3 | . 3 . Fabricators . | . . . Repair Stations . | . . . Recycling Units . | . . . Scanalyzers . | . . . Garrison Access . | . . . Data Cores Recovered . | . . . Used . | . . . Hacking Detections 5 | . 5 . Full Trace Events . | . . . Feedback Events . | . . . Feedback Blocked . | . . . Robot Schematics Acquired . | . . . Robots Built . | . . . Authchips . | . . . Time . | . . . Total Robot Build Rating . | . . . Part Schematics Acquired . | . . . Parts Built . | . . . Authchips . | . . . Time . | . . . Total Part Build Rating . | . . . Parts Repaired . | . . . Time . | . . . Parts Recycled . | . . . Recycled Matter . | . . . Retrieved Matter . | . . . Retrieved Components . | . . . Parts Scanalyzed . | . . . Part Schematics Acquired . | . . . Parts Damaged . | . . . Bothacking | -11 -10 -10 ------------ Run | Jun Mat Min Used RIF Installer . | . . . Robots Hacked . | . . . Non-combat . | . . . Combat . | . . . Robot Hacks Applied . | . . . Relay Couplers Released . | . . . Fabnet Peak Effective % . | . . . Robots Rewired . | . . . Allies Hacked . | . . . Hacks Repelled . | . . . Allies | -11 -10 -10 -------- Run | Jun Mat Min Total Allies . | . . . Largest Group . | . . . Highest-Rated Group . | . . . Highest-Rated Ally . | . . . Total Orders . | . . . Ally Attacks . | . . . Total Damage . | . . . Kills . | . . . Allies Corrupted . | . . . Allies Melted . | . . . Intel | -11 -10 -10 ------- Run | Jun Mat Min Robot Analysis Total 2 | . 2 . Derelict Logs Recovered . | . . . Drone Launches . | . . . Drone Recoveries . | . . . Exploration | -11 -10 -10 ------------- Run | Jun Mat Min Turns Passed 2846 | 166 915 1765 Spaces Moved 878 | 89 432 357 Core 5 | 5 . . Treads 873 | 84 432 357 Legs . | . . . Wheels . | . . . Hover . | . . . Flight . | . . . Fastest Speed 50 | 50 160 160 Average Speed 159 | 153 160 160 Slowest Speed 160 | 160 160 160 Overloaded Moves . | . . . Propulsion Burnouts . | . . . Robots Hopped . | . . . Cave-ins Triggered . | . . . Exploration Rate (%) 47 | 5 71 65 Regions Visited 2 Branch Regions 1 Pre-discovered Areas . | . . . Known Exits Taken . | . . . Unknown Exits Taken 2 | 1 1 . Scrap Searched 1 | . . 1 Spaces Dug . | . . . Terrain Destroyed 23 | . . 23 Melee . | . . . Projectile . | . . . AOE 23 | . . 23 Terrain Rammed . | . . . Walls Destroyed . | . . . Machines Disabled . | . . . Actions | -11 -10 -10 --------- Run | Jun Mat Min Total 2098 | 103 584 1411 Wait 1053 | . 100 953 Move 876 | 88 431 357 Hop . | . . . Pick Up 14 | 2 9 3 Fast Attach 7 | 6 1 . Attach 5 | . . 5 Detach . | . . . Swap 4 | . 1 3 Drop 5 | . 2 3 Fire 131 | 7 40 84 Melee . | . . . Ram . | . . . Kick . | . . . Crush 3 | . . 3 Escape Stasis . | . . . Rewire . | . . . Trap . | . . . Miscellaneous . | . . . Route ------- -11/Junkyard -10/Materials (discovered 4 exits: [*Mat x2] / *Min x2) -10/Mines History --------- Turn | Location | Event 7 | -11/Junkyard | Discovered new exit (range 14) 167 | -11/Junkyard | Entered Materials 316 | -10/Materials | Build established: Mutant 410 | -10/Materials | Discovered new exit (range 9) 744 | -10/Materials | Discovered new exit (range 16) 792 | -10/Materials | Central database locked down 964 | -10/Materials | Discovered new exit (range 10) 1036 | -10/Materials | Discovered new exit (range 8) 1082 | -10/Materials | Entered Mines 1309 | -10/Mines | Found a damaged Exp. Sensor Array with a note attached 1314 | -10/Mines | Found Prototype Device 1373 | -10/Mines | Received a Rocket Launcher from a helpful Derelict 1581 | -10/Mines | Found the Drone Emporium 1589 | -10/Mines | Found Prototype Device 1669 | -10/Mines | Excavation squad dispatched 1669 | -10/Mines | A large section of the Mines collapsed 1919 | -10/Mines | Excavation squad dispatched 2169 | -10/Mines | Excavation squad dispatched 2419 | -10/Mines | Excavation squad dispatched 2542 | -10/Mines | Core integrity fell below 50% 2609 | -10/Mines | Lost 3 parts (2n1u) 2669 | -10/Mines | Excavation squad dispatched 2690 | -10/Mines | Lost 3 parts (1p2w) 2708 | -10/Mines | Core integrity fell below 20% 2847 | -10/Mines | Destroyed by G-34 Mercenary with Small Laser Last Messages --------------- 02657_ U-05 Engineer lays Concrete. 02659_ Lgt. Assault Rifle destroyed. 02659_ U-05 Engineer lays Concrete. 02667_ G-34 Mercenary destroyed. 02669_ ALERT: Derelict activity in mines confirmed. Dispatching additional escorted excavation squad. 02669_ U-05 Engineer lays Concrete. 02694_ T-07 Excavator is excavating. 02695_ G-34 Mercenary suffers critical hit (Destroy). 02695_ Destroyed Aluminum Leg. 02698_ T-07 Excavator is excavating. 02701_ G-34 Mercenary destroyed. 02701_ U-05 Engineer lays Concrete. 02715_ G-34 Mercenary suffers critical hit (Burn). 02716_ G-34 Mercenary heat damages Sml. Laser. 02717_ G-34 Mercenary suffers critical hit (Burn). 02717_ Aluminum Leg melted. 02717_ G-34 Mercenary destroyed. 02720_ U-05 Engineer destroyed. 02826_ G-34 Mercenary destroyed. Map ----- +----------------------------------------------------+ | | | | | | | | | | | | | | | | | | | | | | | | | ?????????????????????????????????????????????? | | ??????????????###????????????????????????????? | | ######??????## ##???????????????????????????? | | # ##???## ###?????????????????????????? | | # ##?## ##????????????????????????? | | # ### #????????????????????????? | | #?#??????????????????????? | | ## ] ### ?????????????????????? | | ?###### ## ### #?? ###?###??????????????? | | ??????##### #?????????? =!###%##?????????????? | | #?????????# #??????????##t##[==#?????????????? | | #?????????# #??????????#|%=!%%t##????????????? | | #?????????# #??????????#%%!!%gg%##???????????? | | ##????????# #??????????#!@%%%## ##???####???? | | ##??###### #?????????#%==*%#### #### ##??? | | ##?#!%] #??????# t%![%t=#??## ## #??? | | #?# #??????#%###*=[!#???# #??? | | #?# #####??????#???##t ##???# #??? | | #?# ########????????#!t#????# ##??? | | ##?# #?? #???## ##???? | | #??# ########??????? t##??## ##????? | | #??# #??????????????# ###### ##?????? | | #??# #??????????????##?## #??????? | | ##?# #????????????????## #??????? | | ### #???????????????## ##??????? | | #??????????????## ######???????? | | #??????????????# #####????????????? | | ########??????????# ##????????????????? | | ####""""##?????????## ##?????????????????? | | # ##?#" ! "#??????????# #??????????????????? | | ## #??#" "#??????????# #??????????????????? | | ?# #??## ##??????????#%#??????????????????? | | ?# #??### ###??????????# #??????????????????? | | ?# #??# X ############ ##### ?????? | | ?# #??# #????????????? | | ?# #?## ## ########## #######????????????? | | ?# #?# ##????????# #??????????????????? | | ?# #?# ##?????????# #??????????????????? | +----------------------------------------------------+ Best States ------------- Heat Dissipation 25 Energy Generation 10 Energy Capacity 250 Matter Stores 300 Matter Capacity 300 Sight Range 16 Terrain Scan Density 10 Weapon Shielding 33 Evasion (%) 40 Recoil Reduction 2 Item Schematics ----------------- None Robot Schematics ------------------ None Fabricated ------------ Nothing Alien Tech Used ----------------- None Achievements -------------- None Challenges ------------ None Game ------ Seed RagnarokAlloyTriangulator Manual? 0 Play Time 00:16:10 Cumulative 31.0 hours Start 2023.07.10 @ 14:20:36 End 2023.07.10 @ 14:32:03 Sessions 1 Manual Loads 0 Difficulty Rogue Special Mode None Game No. 22 Rogue 22 Adventurer 0 Explorer 0 Win Type - Total 0 Types 0/0/0/0/0/0/0/0/0 Lore% 25 Gallery% 28 Achievement% 28 Wizard Run 0 Options --------- ASCII 0 Keyboard 0 Movement Mouse Keybinds 0 Fullscreen 1 Font 18/SmallcapsGlow Map View 76x50 Tactical HUD 1 Map Filters NONE Filters NONE Steam X RUN: 9a4bb91d-59d1-4999-bc59-2703dc9c043c